 Dungeon Crawl Stone Soup version 0.27-a0-1391-g48c30b3128 (webtiles) character file.

Game seed: 7205731737565426341

14032 2tc the Grappler (level 11, -3/100 HPs)
             Began as a Troll Transmuter on July 1, 2021.
             Was a Follower of Uskayaw.
             Slain by a skeletal warrior (22 damage)
             ... led by a skeletal warrior
             ... on level 11 of the Dungeon.
             The game lasted 00:37:16 (10316 turns).

2tc the Grappler (Troll Transmuter)                Turns: 10316, Time: 00:37:17

Health: -3/100     AC:  9    Str: 20    XL:     11   Next: 83%
Magic:  13/14      EV: 14    Int: 12    God:    Uskayaw [*.....]
Gold:   726        SH:  0    Dex: 10    Spells: 5/12 levels left

rFire    . . .     SeeInvis +     - Unarmed
rCold    . . .     Faith    .   (no shield)
rNeg     . . .     Spirit   .   v - +2 steam dragon scales
rPois    .         Reflect  .   (helmet currently unavailable)
rElec    .         Harm     .   (no cloak)
rCorr    .         Rampage  .   (gloves unavailable)
Will     .....                  (boots unavailable)
Stlth    +.........             z - amulet of the acrobat
HPRegen  1.26/turn              j - ring of see invisible
MPRegen  0.14/turn              B - +4 ring of evasion

@: confused, appendages, wereblooded
A: horns 2, talons 2, large, unfitting armour, claws 3, regeneration 1, shaggy
fur 1, tough skin 1
a: End Transformation, Renounce Religion, Stomp


You were on level 11 of the Dungeon.
You worshipped Uskayaw.
Uskayaw was noncommittal.
You had temporarily grown beastly horns and talons.
You visited 2 branches of the dungeon, and saw 15 of its levels.
You also visited: Sewer and Ossuary.

You collected 876 gold pieces.
You spent 150 gold pieces at shops.

Inventory:

Missiles
 a - 8 atropa-tipped darts
 c - 276 stones (quivered)
 q - 7 large rocks
 t - 2 curare-tipped darts
 E - 5 javelins
Armour
 b - a scarf of shadows
 v - +2 steam dragon scales (worn)
 A - a +0 kite shield
Jewellery
 i - a ring of ice
 j - a ring of see invisible (left claw)
 l - a ring of positive energy
 n - a +4 ring of protection
 z - an amulet of the acrobat (around neck)
 B - a +4 ring of evasion (right claw)
Wands
 m - a wand of iceblast (10)
 D - a wand of acid (4)
Scrolls
 p - a scroll of silence
 s - 6 scrolls of teleportation
 y - 2 scrolls of amnesia
 F - a scroll of enchant weapon
Potions
 d - 6 potions of heal wounds
 e - 4 potions of magic
 f - a potion of attraction {unknown}
 g - 2 potions of flight
 h - 2 potions of lignification
 k - 3 potions of might
 o - 4 potions of curing
 r - 7 potions of brilliance
 u - 2 potions of mutation {unknown}
 w - a potion of berserk rage {unknown}
 x - 3 potions of haste
 C - a potion of resistance {unknown}


   Skills:
 - Level 4.0 Fighting
 - Level 5.0 Throwing
 - Level 2.0 Armour
 + Level 2.8 Dodging
 - Level 0.1 Stealth
 - Level 12.0 Unarmed Combat
 - Level 1.2 Spellcasting
 - Level 6.0 Transmutations
 - Level 3.0 Ice Magic
 - Level 6.0 Invocations
 - Level 5.0 Evocations


You had 5 spell levels left.
You knew the following spells:

 Your Spells              Type           Power      Damage    Failure   Level
a - Beastly Appendage     Tmut           30%        N/A       2%          1
b - Wereblood             Tmut           15%        N/A       3%          2
c - Ice Form              Ice/Tmut       11%        N/A       43%         4

Your spell library contained the following spells:

 Spells                   Type           Power      Damage    Failure   Level
 Freeze                   Ice            28%        1d5       9%          1
 Frozen Ramparts          Ice            14%        1d3       26%         3
 Ozocubu's Armour         Ice            7%         N/A       26%         3
 Spider Form              Tmut/Pois      3%         N/A       26%         3
 Shock                    Conj/Air       0%         1d3       30%         1
 Static Discharge         Conj/Air       0%         N/A       41%         2
 Swiftness                Air            0%         N/A       65%         3
 Hailstorm                Conj/Ice       4%         3d4       85%         4
 Airstrike                Air            0%         N/A       96%         4
 Metabolic Englaciation   Hex/Ice        2%         N/A       99%         5
 Lightning Bolt           Conj/Air       0%         1d11      100%        5


Dungeon Overview and Level Annotations

Branches:
Dungeon (14/15)            Temple (1/1) D:7            Lair (0/6) D:11
    Orc (0/2) D:11          Sewer (visited)         Ossuary (visited)
 Vaults: D:13-14

Altars:
Ashenzari
Dithmenos
Elyvilon
Fedhas
Gozag
Hepliaklqana
Kikubaaqudgha
Makhleb
Nemelex Xobeh
Okawaru
Qazlal
Ru
Sif Muna
Trog
Uskayaw
Vehumet
Xom
Yredelemnul
Zin
The Shining One

Shops:
D:5 *   D:11 *

Portals:
Trove: D:11 (give +3 storm dragon scales)

Annotations:
D:9 3 runed translucent doors, Delamore's ghost, novice FoFi
D:12 Nergalle


Innate Abilities, Weirdness & Mutations

You have temporarily grown beastly horns and talons.
You are too large for most types of armour.
You have claws for hands.
Your natural rate of healing is unusually fast.
You are covered in fur. (AC +1)
You have tough skin. (AC +1)


Message History

The orc wizard gestures wildly while chanting.
The orc wizard flickers and vanishes for a moment.
The orc hits you but does no damage.
You claw the orc!
You kill the orc!
The skeletal warrior hits you from afar with a +0 trident.
The skeletal warrior completely misses you.
Things that are here:
a +0 dagger; a +0 chain mail; an orc corpse You closely miss the skeletal warrior.
Your kick misses the skeletal warrior. You headbutt the skeletal warrior!
The skeletal warrior is lightly damaged.
The skeletal warrior hits you from afar with a +0 trident!
The skeletal warrior hits you but does no damage.
You barely miss the skeletal warrior.
You claw the skeletal warrior, but do no damage.
The skeletal warrior is lightly damaged.
The orc wizard barely misses you.
You scratch the skeletal warrior but do no damage.
Your kick misses the skeletal warrior.
The skeletal warrior is lightly damaged.
The skeletal warrior hits you from afar with a +0 trident!!
The skeletal warrior hits you with a +0 halberd!
You closely miss the skeletal warrior.
Your headbutt misses the skeletal warrior.
The skeletal warrior is lightly damaged.
The orc wizard hits you but does no damage. x2
The skeletal warrior hits you from afar with a +0 trident.
The skeletal warrior hits you with a +0 halberd!!
The orc wizard casts a spell at you.
You easily resist.
The skeletal warrior closely misses you.
The orc wizard casts a spell at you.
You are confused.
The skeletal warrior hits you from afar with a +0 halberd!!
* * * LOW HITPOINT WARNING * * *
You are too confused!
You're too confused to move!
The skeletal warrior hits you from afar with a +0 halberd!!
You die...

#........#.#.......#...#
#........#<##.....##...#
##......##.###...###...#......
.##....##.......##.....#....>
..######.........#.....#....#
.................#.....#..o.#
#####............#.....#o.z.#
....#............#.....#..z.#####
....#...........@#.....#.........
....#...........o#.....#.o.......
....#..........zo#.....#.........
....'.|....###...#''####.........
+####......# #...z)z.............
...^.......# ####..............!.
...........# #................
#..........# #################
#..........#


You could see 2 skeletal warriors and 2 orc wizards.

Vanquished Creatures
  A boulder beetle (D:11)
  A centaur warrior (D:13)
  3 two-headed ogres
  A deep elf pyromancer (D:13)
  2 cyclopes
  2 unseen horrors (D:11)
  A kobold demonologist (D:11)
  A troll (D:11)
  A hornet (D:11)
  2 slime creatures (D:8)
  3 wyverns
  3 yaks (D:11)
  A basilisk (D:11)
  A steam dragon (D:6)
  A vampire mosquito (D:11)
  4 black bears
  A sky beast (D:6)
  3 orc warriors
  An ice beast (D:5)
  3 ogres
  6 centaurs
  A phantom (D:7)
  4 kobold brigands
  3 bullfrogs
  2 gnoll sergeants (D:8)
  A scorpion (D:6)
  A water moccasin zombie (D:3)
  3 water moccasin skeletons
  16 killer bees
  6 wights
  3 howler monkeys
  6 electric eels
  7 centaur zombies
  A jelly (D:5)
  3 hounds (D:5)
  A centaur skeleton (D:5)
  5 orc priests
  An iguana (D:6)
  15 orc wizards
  Terence (D:3)
  3 killer bee zombies
  A hound zombie (D:5)
  8 mummies (Ossuary)
  A howler monkey zombie (D:7)
  9 adders
  2 river rats (Sewer)
  9 gnolls (D:8)
  A white imp (D:7)
  An ufetubus (D:6)
  An adder skeleton (D:4)
  6 worms
  4 dart slugs
  15 orcs
  4 endoplasms
  3 giant cockroaches
  3 gnoll zombies (Ossuary)
  9 goblins
  5 hobgoblins
  7 jackals
  4 quokkas
  10 ball pythons
  9 bats
  3 frilled lizards
  3 hobgoblin zombies (Ossuary)
  27 kobolds
  A kobold zombie (Ossuary)
  An orc zombie (Ossuary)
  7 rats
279 creatures vanquished.

Vanquished Creatures (others)
  A steam dragon (D:8)
  A kobold brigand (D:8)
  A kobold (D:8)
  4 fungi (D:7)
  22 plants
29 creatures vanquished.

Grand Total: 308 creatures vanquished

Notes
Turn   | Place    | Note
-------+----------+-------------------------------------------
     0 | D:1      | 2tc the Troll Transmuter began the quest for the Orb.
     0 | D:1      | Reached XP level 1. HP: 18/18 MP: 1/1
   153 | D:1      | Reached XP level 2. HP: 26/26 MP: 2/2
   411 | D:1      | Reached skill level 4 in Unarmed Combat
   483 | D:1      | Learned a level 2 spell: Wereblood
   683 | D:2      | Reached XP level 3. HP: 29/32 MP: 3/3
  1231 | D:3      | Noticed Terence
  1237 | D:3      | Killed Terence
  1238 | D:3      | Reached XP level 4. HP: 35/40 MP: 2/4
  1292 | D:3      | Reached skill level 5 in Unarmed Combat
  1384 | D:3      | Reached XP level 5. HP: 25/46 MP: 5/5
  1804 | D:4      | Reached skill level 6 in Unarmed Combat
  2352 | D:5      | Entered Level 5 of the Dungeon
  2352 | D:5      | Noticed a black bear
  2379 | D:5      | Killed a black bear
  2380 | D:5      | Reached skill level 7 in Unarmed Combat
  2380 | D:5      | Reached XP level 6. HP: 46/54 MP: 3/6
  2472 | D:5      | Reached skill level 8 in Unarmed Combat
  2472 | D:5      | Reached XP level 7. HP: 61/61 MP: 5/7
  2660 | D:5      | Found Mupras's Assorted Antiques.
  2687 | D:5      | Reached skill level 1 in Fighting
  2705 | D:5      | Bought a scroll labelled ZUTOMA RAYGEGG for 30 gold pieces
  2705 | D:5      | Bought a scroll of identify for 60 gold pieces
  2705 | D:5      | Bought a scroll of identify for 60 gold pieces
  2749 | D:5      | Reached XP level 8. HP: 34/72 MP: 5/8
  2805 | D:5      | Identified a scroll of acquirement
  2805 | D:5      | Acquired a +4 ring of protection
  2809 | D:5      | Found a hide-covered altar of Uskayaw.
  2812 | D:5      | Became a worshipper of Uskayaw the Reveller
  2861 | D:5      | Reached * piety under Uskayaw
  2863 | D:5      | Reached ** piety under Uskayaw
  3017 | D:6      | Reached *** piety under Uskayaw
  3200 | D:6      | Found a glowing drain.
  3210 | Sewer    | Entered a sewer
  3976 | D:6      | Reached skill level 5 in Transmutations
  3989 | D:6      | Reached **** piety under Uskayaw
  4121 | D:6      | Reached skill level 1 in Invocations
  4121 | D:6      | Reached XP level 9. HP: 79/84 MP: 7/9
  4528 | D:7      | Found a sand-covered staircase.
  4536 | Ossuary  | Entered an ossuary
  4572 | Ossuary  | Reached ***** piety under Uskayaw
  5074 | D:7      | Found a staircase to the Ecumenical Temple.
  5088 | Temple   | Entered the Ecumenical Temple
  5669 | D:7      | Reached skill level 1 in Armour
  5669 | D:7      | Found a basalt altar of Yredelemnul.
  5675 | D:7      | Learned a level 4 spell: Ice Form
  5969 | D:8      | Reached skill level 1 in Ice Magic
  6587 | D:8      | Reached skill level 9 in Unarmed Combat
  6746 | D:8      | Reached XP level 10. HP: 92/92 MP: 12/12
  7601 | D:9      | Noticed Delamore's ghost (novice FoFi)
  7605 | D:9      | Found a runed translucent door.
  7630 | D:9      | Reached skill level 10 in Unarmed Combat
  7816 | D:9      | Found a large runed translucent door.
  7816 | D:9      | Found a large runed translucent door.
  8186 | D:10     | Entered Level 10 of the Dungeon
  8186 | D:10     | Noticed a two-headed ogre
  8198 | D:10     | Killed a two-headed ogre
  8199 | D:10     | Reached skill level 11 in Unarmed Combat
  8977 | D:10     | Reached skill level 12 in Unarmed Combat
  8977 | D:10     | Reached skill level 1 in Throwing
  9115 | D:11     | Found Saam Vis's Assorted Antiques.
  9135 | D:11     | You fall into a shaft and drop 3 floors!
  9150 | D:14     | Noticed a deep elf pyromancer
  9164 | D:13     | Killed a deep elf pyromancer
  9195 | D:13     | Noticed a cyclops
  9204 | D:13     | Killed a cyclops
  9315 | D:13     | Noticed a centaur warrior
  9329 | D:13     | Killed a centaur warrior
  9330 | D:13     | Reached XP level 11. HP: 84/100 MP: 13/13
  9385 | D:12     | Noticed Nergalle
  9408 | D:12     | Reached skill level 5 in Throwing
  9464 | D:12     | Noticed a two-headed ogre
  9475 | D:12     | Killed a two-headed ogre
  9603 | D:11     | Reached ****** piety under Uskayaw
  9643 | D:11     | Found a staircase to the Lair.
  9740 | D:11     | Noticed a two-headed ogre
  9741 | D:11     | Noticed a boulder beetle
  9820 | D:11     | Found a portal to a secret trove of treasure.
  9940 | D:11     | Reached skill level 5 in Evocations
 10120 | D:11     | Reached skill level 5 in Invocations
 10187 | D:11     | Killed a boulder beetle
 10221 | D:11     | Killed a two-headed ogre
 10290 | D:11     | Found a staircase to the Orcish Mines.
 10290 | D:11     | Noticed a skeletal warrior
 10291 | D:11     | Noticed a skeletal warrior
 10316 | D:11     | Slain by a skeletal warrior

Illustrated notes

Levels and vault maps discovered:
D:1:      minmay_arrival_five_plusses, layout_loops_cross
D:2:      layout_basic, chequers_big_river
D:3:      layout_rooms, uniq_terence
D:4:      layout_cave_pools, serial_bayou, serial_bayou_shore_b,
          serial_bayou_pond_e, serial_bayou_lake_a, serial_bayou_shore_a,
          serial_bayou_pond_a, kennysheep_generic_room_8
D:5:      layout_rooms, kennysheep_mini_moat, serial_shops, nicolae_square_shop,
          grunt_ministairs_13, minmay_ogre_servants
D:6:      minmay_flawed_box, layout_basic, portal_sewer_entry_d
D:7:      layout_loops_ring, lemuel_zombie_altar_yredelemnul,
          minmay_temple_entry_proselytizer, nicolae_ossuary_entry_plus,
          water_boxes_lemuel
D:8:      layout_cave_pods, lemuel_flamethrower_2
D:9:      layout_long_grid, jmf_multi_god_temple2,
          hellmonk_ghost_happy_afterlife, kennysheep_generic_room_6
D:10:     layout_loops_ring, serial_bayou, serial_bayou_lagoon_a,
          serial_bayou_crossing, serial_bayou_pond_c, serial_bayou_pond_a
D:11:     minmay_four_partial_circles, layout_irregular_city,
          david_lair_generic, orc_0_dummy, serial_shops, shop, enter_trove_0
D:12:     layout_long_grid, nicolae_wwwww, uniq_nergalle
D:13:     layout_small_grid
D:14:     layout_long_grid, skrybe_vaults_entry_preservation,
          maelrawn_ghost_gauntlet_escape, nicolae_elyvilon_temple_path,
          uniq_snorg
Temple:   hc_temple_tempest_star

Skill      XL: |  1  2  3  4  5  6  7  8  9 10 11 |
---------------+----------------------------------+-----
Unarmed Combat | 4 5 7 8 9 12 | 12.0
Transmutations | 4 6 |  6.0
Dodging        | 2 |  2.8
Fighting       | 2 4 |  4.0
Invocations    | 1 4 6 |  6.0
Armour         | 2 |  2.0
Ice Magic      | 3 |  3.0
Throwing       | 4 5 |  5.0
Evocations     | 5 |  5.0
Stealth        | |  0.1
Spellcasting   | |  1.2

Action                   |  1- 3 |  4- 6 |  7- 9 | 10-12 || total
-------------------------+-------+-------+-------+-------++-------
Melee: Unarmed           |    82 |    86 |   342 |   266 ||   776
       Kick              |     2 |     4 |    37 |    33 ||    76
       Punch             |       |     3 |     6 |    15 ||    24
       Headbutt          |       |     1 |    26 |    22 ||    49
Throw: Stone             |       |     2 |       |     5 ||     7
 Cast: Beastly Appendage |     1 |     4 |    24 |    15 ||    44
       Wereblood         |       |     1 |    22 |     7 ||    30
       Ice Form          |       |       |     2 |     3 ||     5
Invok: Stomp             |       |       |     3 |     1 ||     4
       Line Pass         |       |       |     1 |       ||     1
Evoke: Wand              |       |       |     3 |    11 ||    14
  Use: Scroll            |     3 |     2 |    16 |     7 ||    28
       Potion            |       |       |     3 |       ||     3
 Stab: Paralysed         |       |       |    14 |    17 ||    31
Armor: Robe              |    39 |    28 |    41 |       ||   108
       Steam dragon scal |       |       |   124 |   115 ||   239
       Skin              |       |       |     5 |    14 ||    19
Dodge: Dodged            |    61 |    28 |   192 |   305 ||   586

Table legend: (Time is in decaauts)
 A = Elapsed time spent in this place.
 B = Non-inter-level travel time spent in this place.
 C = Inter-level travel time spent in this place.
 D = Time resting spent in this place.
 E = Time spent auto-exploring this place.
 F = Levels seen in this place.
 G = Mean time per level.
                   A        B        C        D        E       F      G
               +--------+--------+--------+--------+--------+-----+--------+
         Total |  10342 |   9961 |    381 |    335 |   7564 |  17 |  608.4 |
       Dungeon |   9494 |   9127 |    367 |    335 |   7015 |  14 |  678.1 |
        Temple |    202 |    188 |     14 |      0 |    188 |   1 |  202.0 |
         Sewer |    454 |    454 |      0 |      0 |    261 |   1 |  454.0 |
       Ossuary |    190 |    190 |      0 |      0 |    100 |   1 |  190.0 |
               +--------+--------+--------+--------+--------+-----+--------+

Top non-repeatable levels by time:
     D:8: 1450 daAuts
     D:6: 1088 daAuts
     D:7: 1086 daAuts
    D:10: 938 daAuts
    D:11: 770 daAuts
     D:9: 762 daAuts
     D:1: 659 daAuts
     D:4: 620 daAuts
     D:5: 601 daAuts
     D:2: 562 daAuts
     D:3: 552 daAuts
   Sewer: 454 daAuts
    D:13: 212 daAuts
  Temple: 202 daAuts
 Ossuary: 190 daAuts
